cohdb
Replays
Latest Replays
All Replays
Popular Replays
Top Player Replays
Match Explorer
How It Works
Community
CoH3 Stats
Reddit
Sign in to upload your games and track your stats! →
Sign in with Steam
Match 42675813
Unlisted
Match 42675813
Overview
Messages
Build Orders
End
Construct Barracks
Selects Advanced Infantry Battlegroup
Riflemen Squad
Riflemen Squad
M1 Mortar Team
Construct Weapon Support Center
Grenade Package
Selects Convert to Ranger Squad
M1919 Machine Gun Team
Convert to Ranger Squad
Infantry Support Center
Advanced Logistics
Selects Frontline Medical Station
Frontline Medical Station
Convert to Ranger Squad
Selects Ammunition Storage
Improved M9 Bazooka Rockets
Munitions Surplus
Selects Ranger Weapon Training
Construct Motor Pool
M1 Anti-tank Gun Team
Selects Ammunition Storage
Selects M2A1 105mm Howitzer Emplacement
Engineer Squad
Selects 155mm Rapid Artillery Barrage
Gran_Toro
minis
jsleessa
gregori_gregg
158212752
Valar[M]orgHulis
girlbobo
lohmann
0
0
Comments
sign in to comment!
No comments posted yet!